 Dungeon Crawl Stone Soup version 0.20.1-1-g8b1a95d (webtiles) character file.

81 robertstho the Chopper (level 4, 0/61 HPs)
             Began as a Minotaur Berserker on Aug 1, 2017.
             Was a Believer of Trog.
             Succumbed to an adder's poison
             ... on level 2 of the Dungeon.
             The game lasted 00:02:04 (853 turns).

robertstho the Chopper (Minotaur Berserker)          Turns: 853, Time: 00:02:05

Health: 0/61       AC:  2    Str: 26    XL:     4   Next: 20%
Magic:  3/3        EV: 12    Int:  5    God:    Trog [**....]
Gold:   119        SH:  0    Dex: 10    Spells: 3/3 levels left

rFire    . . .     SeeInvis .   a - +0 hand axe
rCold    . . .     Gourm    +   (no shield)
rNeg     . . .     Faith    .   b - +0 animal skin
rPois    .         Spirit   .   (helmet restricted)
rElec    .         Reflect  .   g - scarf {cloud immunity}
rCorr    .         Harm     .   (no gloves)
MR       .....                  (no boots)
Stlth    ..........             f - amulet of the gourmand
Regen    0.2/turn               (no ring)
MPRegen  0.1/turn               (no ring)

@: berserking (expiring), lethally poisoned (0 -> -11), very quick
A: retaliatory headbutt, horns 2
a: Berserk, Trog's Hand, Burn Spellbooks, Renounce Religion


You were on level 2 of the Dungeon.
You worshipped Trog.
Trog was pleased with you.
You were not hungry.

You visited 1 branch of the dungeon, and saw 2 of its levels.

You collected 119 gold pieces.

Inventory:

Hand Weapons
 a - a +0 hand axe (weapon)
Armour
 b - a +0 animal skin (worn)
 g - a scarf of cloud immunity (worn)
Jewellery
 f - an amulet of the gourmand (around neck)
Scrolls
 e - 3 scrolls of identify {unknown}
Potions
 h - a potion of degeneration {unknown}
Comestibles
 c - a bread ration
 d - 2 meat rations
 i - a royal jelly


   Skills:
 + Level 4.6 Fighting
 + Level 4.9 Axes
 + Level 2.8 Armour
 + Level 2.5 Dodging


You had 3 spell levels left.
You didn't know any spells.

Dungeon Overview and Level Annotations

Branches:
Dungeon (2/15)

Altars:


Innate Abilities, Weirdness & Mutations

You reflexively headbutt those who attack you in melee.
You have a pair of horns on your head.


Message History

You feel sick. The dart slug launches a dart at you. The slug dart hits you!
* * * LOW HITPOINT WARNING * * *
* * * LOW HITPOINT WARNING * * *
You feel sick.
Found 9 gold pieces.
You hit the dart slug. You headbutt the dart slug.
You kill the dart slug!
Trog accepts your kill.
* * * LOW HITPOINT WARNING * * *
You feel sick.
You are too berserk!
You are too berserk!
* * * LOW HITPOINT WARNING * * *
You feel sick.
You see here a rat corpse.
You butcher the rat corpse.
You feel a strong urge to attack something.
You die...

......<......#.......####.#.#
.......#..#..######...#.....#
..<....#.....######.#.#.#.###
.......####...............#
........<..########+#'#####
.........................#
................[........#
.........................#
######..........@........#
.........).........#
.................#
.................#
.......$.........#
.................
................
................
##...$.........


There were no monsters in sight!

Vanquished Creatures
  Jessica (D:2)
  A gnoll (D:1)
  An adder (D:2)
  2 worms (D:2)
  4 dart slugs
  A leopard gecko (D:1)
  3 bats
  3 goblins (D:1)
  4 hobgoblins
  A frilled lizard (D:1)
  2 kobolds
  2 rats
25 creatures vanquished.

Notes
Turn   | Place    | Note
-------+----------+-------------------------------------------
     0 | D:1      | robertstho the Minotaur Berserker began the quest for the Orb.
     0 | D:1      | Reached XP level 1. HP: 19/19 MP: 0/0
    54 | D:1      | Reached XP level 2. HP: 17/27 MP: 1/1
   602 | D:1      | Reached XP level 3. HP: 27/33 MP: 2/2
   810 | D:2      | Reached ** piety under Trog
   837 | D:2      | Noticed Jessica
   848 | D:2      | Killed Jessica
   848 | D:2      | Reached XP level 4. HP: 13/41 MP: 3/3
   850 | D:2      | HP: 3/61 [poisoned by an adder]
   852 | D:2      | HP: 1/61 [poisoned by an adder]
   853 | D:2      | Succumbed to an adder's poison

Skill      XL: |  1  2 |
---------------+-------+-----
Axes           | 4 |  4.9
Fighting       | 4 |  4.6
Armour         | |  2.8
Dodging        | |  2.5

Action                   |  1- 3 |  4- 6 || total
-------------------------+-------+-------++-------
Melee: Hand axe          |    55 |     2 ||    57
       Headbutt          |     7 |     1 ||     8
Invok: Berserk           |     1 |       ||     1
  Eat: Chunk             |     1 |       ||     1
Armor: Animal skin       |     7 |       ||     7
Dodge: Dodged            |    29 |       ||    29
